 Dungeon Crawl Stone Soup version 0.30.1 (webtiles) character file.

Game seed: 11894055649397300697

10 croobank the Sneak (level 2, 0/25 HPs)
             Began as a Demigod Delver on July 1, 2023.
             Slain by a black bear (4 damage)
             ... on level 5 of the Dungeon.
             The game lasted 00:04:22 (341 turns).

croobank the Sneak (Demigod Delver)                  Turns: 341, Time: 00:04:23

Health: 0/25       AC:  3    Str: 12 (13) XL:     2   Next: 0%
Magic:  4/4        EV: 11    Int:  9 (12) God:
Gold:   50         SH:  0    Dex: 13 (15) Spells: 1/1 levels left

rFire   . . .        j - +0 dagger
rCold   . . .        (no shield)
rNeg    . . .        b - +0 leather armour
rPois   .            (no helmet)
rElec   .            (no cloak)
rCorr   .            (no gloves)
SInv    .            (no boots)
Will    .....        (no amulet)
Stlth   ++           (no ring)
HPRegen 0.24/turn    (no ring)
MPRegen 0.09/turn

%: no passive effects
@: no status effects
A: high MP 1, forlorn, divine attributes
a: no special abilities


You were on level 5 of the Dungeon.
You visited 1 branch of the dungeon, and saw 2 of its levels.

You collected 50 gold pieces.

Inventory:

Hand Weapons
 a - a +0 short sword
 j - a +0 dagger (weapon)
Armour
 b - a +0 leather armour (worn)
Jewellery
 f - a ring of see invisible
Wands
 g - a wand of digging (3)
 k - a wand of mindburst (12)
Scrolls
 c - a scroll of fog
 i - a scroll of identify {unknown}


   Skills:
 + Level 2.8 Fighting
 + Level 2.0 Short Blades
 + Level 2.0 Dodging
 + Level 4.6 Stealth


You had one spell level left.
You didn't know any spells.
Your spell library contained the following spells:

 Spells                   Type           Power      Damage    Failure   Level
 Magic Dart               Conj           0%         1d3       45%         1
 Call Imp                 Summ           0%         N/A       61%         2
 Mephitic Cloud           Conj/Pois/Air  0%         N/A       83%         3


Dungeon Overview and Level Annotations

Branches:
Dungeon (6/15)             Temple (0/1) D:6


Innate Abilities, Weirdness & Mutations

You have an increased reservoir of magic. (+10% MP)
You shall have no god before yourself.
Your divine heritage dramatically boosts your attributes as you level up.


Message History

There is an open door here.
Found a tower shield.
Found a club.
Found 8 gold pieces.
You barely miss the black bear.
The black bear growls angrily.
Your punch misses the black bear. The black bear barely misses you.
The black bear misses you. The black bear claws you.
Aiming: Mindburst
Press: ? - help, Shift-Dir - straight line, f - black bear
Aim: a black bear (chance to affect: 64%)
The black bear struggles to resist.
The black bear bites you. The black bear barely misses you.
The black bear closely misses you.
Aiming: Mindburst
Press: ? - help, Shift-Dir - straight line, f/p - black bear
Aim: a black bear (chance to affect: 64%)
The black bear struggles to resist.
The black bear bites you. The black bear barely misses you.
The black bear claws you but does no damage.
Aiming: Mindburst
Press: ? - help, Shift-Dir - straight line, f/p - black bear
Aim: a black bear (chance to affect: 64%)
The black bear's mind is blasted!
The black bear bites you.
The black bear claws you but does no damage.
The black bear closely misses you.
Okay, then.
It was a potion of magic.
Magic courses through your body. The black bear bites you.
* * * LOW HITPOINT WARNING * * *
The black bear closely misses you. The black bear barely misses you.
It was a potion of curing.
You feel better. The black bear bites you.
* * * LOW HITPOINT WARNING * * *
The black bear completely misses you. The black bear claws you.
* * * LOW HITPOINT WARNING * * *
It was a potion of degeneration.
There was something very wrong with that liquid.
You feel weakened.
You feel dopey.
You feel clumsy.
The black bear bites you but does no damage.
The black bear closely misses you. The black bear claws you.
You die...

,**,)...,##.###.#.# *,*
,**,...,,*#.......# *,*
,,**###***#.....### *,*
*,*** #.##### *,*
*,,,** #.#### *,*
***,,*** #....#*####,*
**,,,* #.##.#,...,,*
***,** #....##h#*,,*
****,,**#.....@.#*,,*
*,,,,,,*#########*<,*
***,,,,,,** **,*
*,+,,,,,,,* *,*
*,*,,,,,,,* *,*
*,*,,,,,,,** *,*
*,*,,,,,,,,*** ****,*
,,,*+*****,,.#**##,,,,*
****,,,* ***..#*..,****


You could see a black bear.

Vanquished Creatures
  A white imp (D:6)
  An orc (D:6)
  A quokka (D:5)
3 creatures vanquished.

Notes
Turn   | Place    | Note
-------+----------+-------------------------------------------
     0 | D:5      | croobank the Demigod Delver began the quest for the Orb.
     0 | D:5      | Reached XP level 1. HP: 18/18 MP: 3/3
     1 | D:5      | Noticed a black bear
   182 | D:6      | Noticed an ice beast
   199 | D:6      | Noticed a scorpion
   204 | D:6      | Noticed a sky beast
   225 | D:6      | Noticed a jelly
   258 | D:5      | Reached XP level 2. HP: 20/25 MP: 4/4
   341 | D:5      | Slain by a black bear

Illustrated notes

Levels and vault maps discovered:
D:5:      layout_basic, cheibriados_altar_1
D:6:      nicolae_cairo_tiling_large_dashed, layout_basic, minitemple,
          minmay_temple_entry_hall, serial_shops, nicolae_shop_gaudy_bauble,
          minmay_misc_feat_nine_boxes, eino_tiny_chamber

Skill      XL: |  1 |
---------------+----+-----
Short Blades   | 2 |  2.0
Dodging        | 2 |  2.0
Fighting       | |  2.8
Stealth        | |  4.6

Action                     || total
---------------------------++-------
  Melee: Short sword       ||    14
         Dagger            ||    11
  Evoke: Wand              ||     3
    Use: Scroll            ||     4
         Potion            ||     4
   Stab: Sleeping          ||     1
 Armour: Leather armour    ||     5
  Dodge: Dodged            ||    20
